 Dungeon Sprint DCSS version 0.17-a0-1651-gae1a69f (webtiles) character file.

12 nuthulu the Changer (level 2, -1/25 HPs)
             Began as a Naga Transmuter on Aug 14, 2015.
             Slain by a human (10 damage)
             ... in the Dungeon (Sprint III: "The Ten Rune Challenge").
             The game lasted 00:01:02 (325 turns).

nuthulu the Changer (Naga Transmuter)                Turns: 325, Time: 00:01:02

Health: -1/25      AC:  1    Str: 12    XL:     2   Next: 33%
Magic:  4/6        EV: 10    Int: 13    God:
Gold:   0          SH:  0    Dex: 11    Spells: 2 memorised, 5 levels left

rFire  . . .     SeeInvis +       - Unarmed
rCold  . . .     Clarity  .     b - +0 robe
rNeg   . . .     SustAt   .     (no shield)
rPois  +         Gourm    .     (no helmet)
rElec  .         Spirit   .     (no cloak)
rCorr  .         Warding  .     (no gloves)
rMut   .         NoTele   +     (no barding)
MR     .....                    (no amulet)
Stlth  +.........               (no ring)
                                (no ring)

@: appendage, very slightly contaminated, very slow, not resistant to hostile
enchantments, very unstealthy
A: horns 2, see invisible, deformed body, poison resistance, slowness 2, slow
metabolism 1, spit poison 2, AC +0
a: Spit Poison, End Transformation


You were in the Dungeon.
You were not hungry.
You had grown temporary horns.
You visited 1 branch

Inventory:

Missiles
 a - 10 arrows
Armour
 b - a +0 robe (worn)
Scrolls
 j - a scroll of blinking
Potions
 e - a potion of curing
 f - a potion of heal wounds
 g - a potion of haste
 h - a potion of magic
 i - a potion of berserk rage
Books
 c - a book of Changes

   Spells                             Type                      Level
   a - Beastly Appendage              Transmutation                1
   b - Sticks to Snakes               Transmutation                2
   c - Spider Form                    Transmutation/Poison         3
   d - Ice Form                       Ice/Transmutation            4
   e - Blade Hands                    Transmutation                5
Comestibles
 d - a bread ration
 k - a slice of pizza
 l - 2 chunks of flesh


   Skills:
 - Level 1.0 Fighting
 - Level 1.5 Dodging
 - Level 3.0 Unarmed Combat
 * Level 3.5 Spellcasting
 * Level 3.7 Transmutations


You had 5 spell levels left.
You knew the following spells:

 Your Spells              Type           Power        Failure   Level  Hunger
a - Beastly Appendage     Trmt           ##....       6%          1    #......
b - Sticks to Snakes      Trmt           ##........   10%         2    ##.....


Dungeon Overview and Level Annotations

Branches:
Dungeon (1/1)

Altars:


Innate Abilities, Weirdness & Mutations

You cannot wear boots.
Your serpentine skin is tough (AC +0).
You have supernaturally acute eyesight.
Armour fits poorly on your strangely shaped body.
Your system is resistant to poisons.
You cover ground very slowly.
You have a slow metabolism.
You can spit poison.
You have a pair of horns on your head.


Message History

You don't have enough magic to cast that spell.
Drink which item? (? for menu, Esc to quit)
Magic courses through your body.
Your ball python bites the human but does no damage.
Your ball python constricts the human.
The human escapes!
Your ball python bites the human but does no damage.
Your ball python grabs the human.
Your ball python constricts the human.
Casting: Sticks to Snakes
Confirm with . or Enter, or press ? or * to list all spells.
You create a snake!
The human hits you.
Your ball python bites the human but does no damage.
Your ball python constricts the human.
Unknown command.
Casting: Sticks to Snakes
Confirm with . or Enter, or press ? or * to list all spells.
You grow a pair of large bovine horns.
Your ball python bites the human.
Your ball python constricts the human.
The human hits you.
Your ball python bites the human but does no damage.
Your ball python constricts the human.
The human hits you!
You die...

▓▓▓▓▓▓▓▓▓
▓<..#(..####
▓...#......##
▓..##.......#
▓##.##.##...# .#
##.##.###..# ..#
▓#.####.##..# ...+
▓.###..##..##
#...# ▓#.....##@S#
#....#
###..##.Sp##.....#
##..##....#......#
#..###..##.# #..#
#.. ### ▓▓▓▓ ▓▓▓


You could see a human and 2 friendly ball pythons.

Vanquished Creatures
  2 oozes (D)
  2 rats (D)
4 creatures vanquished.

Vanquished Creatures (others)
  2 draconian scorchers (D)
  A yaktaur (D)
3 creatures vanquished.

Grand Total: 7 creatures vanquished

Notes
Turn   | Place    | Note
--------------------------------------------------------------
     0 | D        | nuthulu the Naga Transmuter began the quest for the Orb.
     0 | D        | Reached XP level 1. HP: 18/18 MP: 3/3
    18 | D        | Reached XP level 2. HP: 4/25 MP: 4/6
   191 | D        | Killed a yaktaur
   262 | D        | Killed a white draconian scorcher
   271 | D        | Killed a white draconian scorcher
   314 | D        | Learned a level 2 spell: Sticks to Snakes
   325 | D        | Slain by a human

Vault maps used:
D:        dungeon_sprint_mu

Action                   || total
-------------------------++-------
Melee: Unarmed           ||    12
 Cast: Beastly Appendage ||     4
       Sticks to Snakes  ||     2
  Use: Potion            ||     1
 Stab: Sleeping          ||     1
